Map: 사이버 포레스트 - 래더

Players

DnS - Winner!

  • Race: Protoss Protoss
  • Spawn Location: 11:00

Zanster

  • Race: Zerg Zerg
  • Spawn Location: 5:00

Event: IEM Season 13: Katowice (2019)

VOD

Have the link to the VOD?

Description

Time

  • Played on: Feb. 26, 2019, 10:48 a.m.
  • Length: 7:56

All games in this series

Show
View Real Time Build Order
Export as new Build Order

DnS Protoss - Winner!

Build Orders: 1 Gate Expand, Archon Immortal, Archon Drop, Dark Templar Rush 

Get SALT Encoding   

  12  0:00  Probe  
  13  0:12  Probe  
  14  0:19  Pylon  
  14  0:24  Probe  
  15  0:33  Probe  
  15  0:39  Gateway  
  15  0:41  Probe  
  16  0:46  Assimilator  
  17  0:51  Probe  
  18  1:03  Probe  
  19  1:15  Probe  
  20  1:23  Nexus  
  20  1:33  Cybernetics Core  
  20  1:37  Probe  
  21  1:43  Assimilator  
  21  1:49  Probe  
  21  1:53  Pylon  
  22  2:01  Adept, Probe  
  23  2:09  Probe  
  26  2:17  Probe  
  26  2:21  Twilight Council  
  26  2:22  Warp Gate  
  27  2:29  Probe  
  27  2:31  Stalker  
  27  2:32  Probe  
  31  2:41  Probe  
  31  2:43  Probe  
  32  2:51  Probe  
  33  2:55  Probe  
  33  2:56  Robotics Facility  
  35  3:01  Probe  
  36  3:07  Probe  
  36  3:09  Probe  
  37  3:17  Probe  
  37  3:18  Dark Shrine  
  37  3:19  Probe  
  40  3:29  Probe  
  40  3:31  Probe  
  40  3:32  Gateway  
  40  3:34  Warp Prism  
  42  3:40  Gateway  
  42  3:41  Gateway  
  42  3:48  Probe, Pylon  
  44  3:53  Probe, Pylon  
  46  3:57  Assimilator  
  46  3:59  Assimilator  
  46  4:06  Probe x2  
  48  4:18  Probe x2  
  51  4:31  Probe  
  51  4:34  Dark Templar x3  
  51  4:36  Dark Templar  
  57  4:56  Nexus  
  57  5:00  Observer, Pylon  
  57  5:07  Archon  
  58  5:09  Dark Templar  
  58  5:10  Immortal  
  58  5:11  Probe x2  
  58  5:14  Archon  
  62  5:21  Forge, Charge  
  62  5:22  Pylon  
  62  5:25  Probe x2  
  68  5:32  Pylon  
  68  5:33  Gateway  
  68  5:34  Gateway  
  68  5:35  Pylon  
  68  5:38  Probe x2  
  68  5:40  Protoss Ground Weapons Level 1  
  68  5:41  Immortal  
  74  5:50  Sentry x2, Probe x2  
  74  5:52  Sentry  
  82  6:02  Probe x2  
  84  6:07  Pylon  
  84  6:09  Probe  
  85  6:12  Immortal  
  85  6:14  Probe x2  
  87  6:21  Probe  
  92  6:26  Probe x2  
  92  6:30  Sentry  
  96  6:33  Probe  
  96  6:34  Gateway  
  96  6:35  Gateway  
  96  6:38  Probe x2  
  99  6:43  Assimilator  
  99  6:45  Probe, Pylon  
  99  6:46  Assimilator  
  100  6:50  Probe x2  
  100  6:52  Immortal  
  106  6:58  Probe  
  106  7:01  Dark Templar x2  
  111  7:02  Zealot x2  
  111  7:05  Archon  
  115  7:11  Pylon  
  115  7:14  Dark Templar x2  
  119  7:16  Pylon  
  119  7:18  Archon  
  119  7:23  Photon Cannon, Pylon  
  119  7:25  Pylon  
  119  7:27  Zealot  
  119  7:29  Dark Templar x2  
  125  7:30  Zealot  
  125  7:33  Archon  
  125  7:46  Zealot x4  
Show
View Real Time Build Order
Export as new Build Order

Zanster Zerg 

Build Orders: Hatch First, Swarm Host 

Get SALT Encoding   

  12  0:00  Drone  
  13  0:12  Overlord  
  13  0:17  Drone  
  14  0:32  Drone x2  
  16  0:49  Hatchery  
  15  0:51  Drone  
  15  0:55  Drone  
  17  0:59  Drone  
  18  1:08  Extractor  
  17  1:14  Spawning Pool  
  17  1:17  Drone  
  17  1:20  Drone  
  18  1:29  Drone  
  19  1:39  Drone  
  20  1:51  Drone  
  21  2:02  Queen, Overlord  
  21  2:03  Queen, Zergling x2  
  26  2:10  Metabolic Boost  
  26  2:11  Zergling x2  
  26  2:14  Drone  
  28  2:22  Drone  
  29  2:23  Drone  
  30  2:32  Drone  
  30  2:36  Drone  
  32  2:41  Hatchery  
  31  2:45  Drone  
  31  2:49  Queen  
  34  2:54  Overlord  
  34  2:56  Drone  
  34  2:58  Drone  
  35  3:12  Overlord  
  35  3:13  Drone  
  35  3:14  Drone x2  
  35  3:15  Drone x3  
  35  3:17  Drone  
  35  3:18  Drone  
  43  3:25  Spore Crawler  
  42  3:29  Queen  
  42  3:30  Drone x2  
  46  3:34  Drone  
  46  3:40  Overlord  
  47  3:48  Drone  
  47  3:49  Drone x3, Roach Warren  
  47  3:51  Drone  
  47  3:53  Drone  
  52  4:01  Drone  
  53  4:03  Overlord  
  53  4:04  Spore Crawler  
  53  4:05  Extractor  
  53  4:06  Extractor, Drone  
  53  4:07  Drone  
  53  4:09  Drone  
  53  4:11  Drone  
  53  4:12  Drone  
  55  4:20  Spore Crawler  
  55  4:22  Overlord  
  54  4:29  Roach x5  
  54  4:31  Roach x2  
  68  4:34  Overlord  
  68  4:37  Roach  
  70  4:39  Overlord  
  70  4:49  Queen  
  66  4:55  Roach  
  66  4:56  Roach  
  66  4:58  Drone x5  
  75  5:00  Spore Crawler  
  75  5:03  Drone x2  
  76  5:07  Lair  
  76  5:13  Drone x3  
  79  5:18  Drone x3  
  79  5:19  Drone  
  83  5:23  Overlord  
  83  5:27  Evolution Chamber  
  82  5:34  Drone x5  
  88  5:35  Drone  
  88  5:38  Drone  
  88  5:39  Drone x4  
  93  5:42  Overlord  
  93  5:45  Overlord  
  93  5:48  Overlord  
  93  5:49  Extractor  
  92  5:50  Extractor  
  92  5:52  Overlord  
  92  5:53  Zerg Missile Weapons Level 1  
  91  6:03  Hatchery  
  90  6:05  Glial Reconstitution, Drone  
  90  6:06  Drone  
  90  6:07  Overseer  
  92  6:12  Infestation Pit  
  92  6:13  Drone x4  
  92  6:15  Drone  
  92  6:16  Drone  
  97  6:21  Roach x4  
  105  6:31  Drone x2  
  107  6:36  Roach x2  
  107  6:37  Roach x5, Extractor  
  120  6:41  Overlord  
  120  6:42  Overlord  
  120  6:44  Overlord  
  120  6:46  Overlord  
  120  6:59  Swarm Host x6  
  136  7:02  Swarm Host x2  
  142  7:13  Nydus Network  
  141  7:16  Roach  
  141  7:17  Roach x3  
  141  7:18  Queen  
  141  7:21  Drone x3  
  141  7:22  Overlord  
  154  7:29  Roach, Extractor  
  155  7:30  Roach x2  
  155  7:31  Overlord  
  155  7:35  Overseer, Overlord x2  

Tags
 
Add a new tag
Caveats
  • Supply blocks, unpowered buildings, or Contaminate may cause inaccurate times.
  • Supply counts are checked every 10 seconds.